 Dungeon Crawl Stone Soup version 0.29-a0-284-gf9362112df (webtiles) character file.

Game seed: 3289278521297179978

30 spaghetti the Skirmisher (level 3, 0/29 HPs)
             Began as a Demonspawn Warper on Mar 24, 2022.
             Was a Follower of Sif Muna.
             Succumbed to Ijyb's poison
             ... on level 1 of the Dungeon.
             The game lasted 00:03:10 (1572 turns).

spaghetti the Skirmisher (Demonspawn Warper)        Turns: 1572, Time: 00:03:11

Health: 0/29       AC:  8    Str: 10 (11) XL:     3   Next: 5%
Magic:  6/6        EV: 11    Int: 15 (16) God:    Sif Muna [*.....]
Gold:   68         SH:  0    Dex:  9 (12) Spells: 4/6 levels left

rFire   . . .      SeeInvis .   a - +0 falchion {long}
rCold   . . .      Faith    .   (no shield)
rNeg    . . .      Spirit   .   b - +1 leather armour
rPois   .          Reflect  .   (helmet restricted)
rElec   .          Harm     .   (no cloak)
rCorr   .          Rampage  .   (no gloves)
Will    .....                   (no boots)
Stlth   +.........              (no amulet)
HPRegen 0.09/turn               i - +4 ring of protection
MPRegen 0.10/turn               (no ring)

@: lethally poisoned (0 -> -4)
A: antennae 1
a: Renounce Religion, Channel Magic


You were on level 1 of the Dungeon.
You worshipped Sif Muna.
Sif Muna was aware of your devotion.
You visited 1 branch of the dungeon, and saw 3 of its levels.

You collected 68 gold pieces.


Innate Abilities, Weirdness & Mutations

You have a pair of small antennae on your head.


   Skills:
 * Level 3.3 Fighting
 - Level 1.7 Long Blades
 - Level 0.8 Throwing
 - Level 0.8 Armour
 - Level 1.7 Dodging
 - Level 2.0 Spellcasting
 * Level 2.7 Translocations
 + Level 1.4 Invocations


You had 4 spell levels left.
You knew the following spells:

 Your Spells              Type           Power      Damage    Failure   Level
a - Blink                 Tloc           18%        N/A       16%         2

Your spell library contained the following spells:

 Spells                   Type           Power      Damage    Failure   Level
 Gell's Gravitas          Tloc           9%         N/A       30%         3
 Lesser Beckoning         Tloc           9%         N/A       30%         3
 Teleport Other           Tloc           9%         N/A       30%         3
 Manifold Assault         Tloc           9%         N/A       95%         5
 Dispersal                Tloc           4%         N/A       100%        6

Inventory:

Hand Weapons
 a - a +0 falchion (weapon) {long}
Missiles
 d - 7 boomerangs of dispersal {=f!fthrowing}
 f - 88 stones (quivered) {throwing}
 h - 2 atropa-tipped darts {throwing}
Armour
 b - a +1 leather armour (worn)
Jewellery
 i - a +4 ring of protection (left hand)
   (You took it off a kobold on level 2 of the Dungeon)

Dungeon Overview and Level Annotations

Branches:
Dungeon (3/15)

Altars:
Sif Muna

Annotations:
D:2 Ijyb

#####.# #.....####.##.#
♣♣♣##.....#####.....##.##.#
♣♣♣..♣#.######........##.##.#
♣P..♣♣♣.# #.##.##..##.##.#
.♣♣..P♣.######.##.....##.##.# #
♣..P.♣♣.#......##.#...##.##.# ##
♣..♣♣♣♣.#.####.#............####.
♣♣♣P♣ #......#........##.##.....#
#♣♣♣♣####.##....@...#.##.##..#..#
......# #.####.#....#.##.##.....#
###...###.####.#..###.##.##.#.#..
........)......#...##.##........#
.........#######[.....###...#.#..
....#.#..# #...#####.########
....#....# #...# ##.### #.
P...###..# #...# ##..####'
...####..#######...#########..'..


There were no monsters in sight!


Message History

You kill the ball python!
Sif Muna accepts your kill.
The quokka bites you but does no damage.
The quokka closely misses you.
You see here a ball python corpse.
The quokka barely misses you. 😕 MP[+1]
The quokka attacks as you move away!
The quokka bites you but does no damage.
You see here a +0 trident {polearm}. 😕 HP[+1]
The quokka barely misses you. The quokka attacks as you move away!
The quokka barely misses you.
The quokka bites you but does no damage. 😕 MP[+1]
The quokka attacks as you move away!
The quokka bites you but does no damage.
Your magical contamination has completely faded away.
The quokka completely misses you. 😕 HP[+1]
The quokka barely misses you. 😕 MP[+1]
The quokka attacks as you move away! The quokka bites you. 😕 HP[-1]
You take 1 damage, and now have 26/29 hp.
The quokka completely misses you. 😕 HP[+1]
The quokka attacks as you move away! The quokka barely misses you.
The quokka bites you but does no damage. 😕 MP[+1]
The quokka attacks as you move away!
The quokka bites you but does no damage.
The quokka closely misses you. The quokka attacks as you move away!
The quokka closely misses you. 😕 HP[+1]
The quokka attacks as you move away! The quokka bites you. 😕 HP[-2]
You take 2 damage, and now have 26/29 hp.
The quokka attacks as you move away! The quokka closely misses you.
The quokka barely misses you. 😕 MP[+1]
An orc wizard appears from thin air!
Reactivating autopickup.
The quokka barely misses you.
There is a stone staircase leading down here.
The quokka bites you.
You climb downwards.
Level annotation: Ijyb Ijyb hits you with a +4 dagger of venom.
You are poisoned.
There is a stone staircase leading up here. 😮 HP[-8]
You take 8 damage, and now have 18/29 hp.
MASSIVE DAMAGE!! (PAUSE)
Okay, then.
You feel very sick.
Ijyb hits you with a +4 dagger of venom.
* * * LOW HITPOINT WARNING * * *
You are lethally poisoned!
The orc barely misses you.
The orc wizard hits you with a +0 dagger.
* * * LOW HITPOINT WARNING * * *
The quokka closely misses you.
You climb upwards.
* * * LOW HITPOINT WARNING * * *
You feel very sick.
The orc wizard gestures wildly while chanting.
The orc wizard flickers and vanishes!
Deactivating autopickup; reactivate with Ctrl-A.
There is a stone staircase leading down here.
Unknown command. 😱 HP[-11] MP[+1]
You take 11 damage, and now have 7/29 hp.
MASSIVE DAMAGE!! (PAUSE)
Your mp is fully restored (6).
Really read
c - a scroll of blinking {!r}?
Blink to where?
Press: ? - help, Dir - move target
As you read the scroll of blinking {!r}, it crumbles to dust.
* * * LOW HITPOINT WARNING * * *
You feel sick. 😱 HP[-2]
You take 2 damage, and now have 5/29 hp.
* * * LOW HITPOINT WARNING * * *
You feel sick.
You climb upwards.
Reactivating autopickup.
* * * LOW HITPOINT WARNING * * *
You feel sick.
There is a stone staircase leading down here. 😱 HP[-4]
You take 4 damage, and now have 1/29 hp.
You aren't carrying any potions.
You are lethally poisoned (1 -> -3).
Your movement speed is average.
Your attack delay is about 1.2.
Your base attributes are Str 11, Int 16, Dex 12.
You aren't carrying any scrolls.
Unknown command.
You aren't carrying any potions.
You die...

Skill      XL: |  1  2 |
---------------+-------+-----
Fighting       | 3 |  3.3
Invocations    | 1 |  1.4
Long Blades    | |  1.7
Throwing       | |  0.8
Armour         | |  0.8
Dodging        | |  1.7
Spellcasting   | |  2.0
Translocations | |  2.7

Action                   || total
-------------------------++-------
Melee: Falchion          ||    77
       Punch             ||     2
Throw: Stone             ||    37
  Use: Scroll            ||     4
       Potion            ||     1
Armor: Leather armour    ||    29
Dodge: Dodged            ||    77

Levels and vault maps discovered:
D:1:      dpeg_arrival_radiant, layout_loops_cross,
          ebering_ecumenical_altar_mist, serial_forest,
          infiniplex_forest_straight_2, infiniplex_forest_lined_1,
          infiniplex_forest_lined_room_2, infiniplex_forest_straight_3,
          infiniplex_forest_lined_room_3, infiniplex_forest_end_2,
          infiniplex_forest_clump_medium, minmay_quantized
D:2:      layout_basic, uniq_natasha, uniq_crazy_yiuf_cottage
D:3:      layout_basic, uniq_jessica, uniq_grinder, uniq_ijyb, uniq_robin

Notes
Turn   | Place    | Note
-------+----------+-------------------------------------------
     0 | D:1      | spaghetti the Demonspawn Warper began the quest for the
                  | Orb.
     0 | D:1      | Reached XP level 1. HP: 16/16 MP: 3/3
     0 | D:1      | magus.rc [v1.9.6]
   239 | D:1      | Found a faded altar of an unknown god.
   248 | D:1      | Prayed at the altar of an unknown god.
   248 | D:1      | Became a worshipper of Sif Muna the Loreminder
   248 | D:1      | Reached * piety under Sif Muna
   350 | D:1      | Gained mutation: You have a pair of small antennae on your
                  | head. [demonic ancestry]
   350 | D:1      | Reached XP level 2. HP: 23/23 MP: 5/5
  1007 | D:2      | Reached skill level 3 in Fighting
  1007 | D:2      | Reached skill level 1 in Invocations
  1332 | D:2      | Reached XP level 3. HP: 23/29 MP: 6/6
  1335 | D:2      | Learned a level 2 spell: Blink
  1510 | D:3      | Noticed Ijyb
  1568 | D:2      | HP: 7/29 [poisoned by Ijyb]
  1570 | D:2      | HP: 3/29 [poisoned by Ijyb]
  1571 | D:1      | HP: 1/29 [poisoned by Ijyb]
  1572 | D:1      | Succumbed to Ijyb's poison

Vanquished Creatures
  2 worms (D:2)
  A bat (D:1)
  4 endoplasms
  2 goblins (D:1)
  3 hobgoblins (D:1)
  3 ball pythons
  3 frilled lizards (D:1)
  5 kobolds
  2 rats (D:1)
25 creatures vanquished.

Table legend:
 A = Non-vault XP
 B = Vault XP
 C = Vault XP percentage of total XP
 D = Non-vault monster count
 E = Vault monster count
 F = Vault count percentage of total count
                 A         B        C        D         E       F
            +---------+---------+-------+---------+---------+-------
      Total |      41 |       3 |   6.8 |      23 |       2 |   8.0
            +---------+---------+-------+---------+---------+-------
        D:1 |      20 |       3 |  13.0 |      14 |       2 |  12.5
        D:2 |      20 |       0 |   0.0 |       8 |       0 |   0.0
        D:3 |       1 |       0 |   0.0 |       1 |       0 |   0.0
            +---------+---------+-------+---------+---------+-------

Illustrated notes

Table legend:
 A = Kills in this place as a percentage of kills in entire the game.
 B = Kills by you in this place as a percentage of kills by you in the entire game.
 C = Kills by friends in this place as a percentage of kills by friends in the entire game.
 D = Other kills in this place as a percentage of other kills in the entire game.
 E = Experience gained in this place as a percentage of experience gained in the entire game.
 F = Experience gained in this place divided by the number of levels of this place that you have seen.
                   A       B       C       D       E      F
               +-------+-------+-------+-------+-------+----------------------
         Total | 100.0 | 100.0 |   N/A |   N/A | 100.0 |  14.7
       Dungeon | 100.0 | 100.0 |   N/A |   N/A | 100.0 |  14.7
               +-------+-------+-------+-------+-------+----------------------

Table legend: (Time is in decaauts)
 A = Elapsed time spent in this place.
 B = Non-inter-level travel time spent in this place.
 C = Inter-level travel time spent in this place.
 D = Time resting spent in this place.
 E = Time spent auto-exploring this place.
 F = Levels seen in this place.
 G = Mean time per level.
                   A        B        C        D        E       F      G
               +--------+--------+--------+--------+--------+-----+--------+
         Total |   1591 |   1559 |     32 |     77 |   1171 |   3 |  530.3 |
       Dungeon |   1591 |   1559 |     32 |     77 |   1171 |   3 |  530.3 |
               +--------+--------+--------+--------+--------+-----+--------+

Top non-repeatable levels by time:
     D:1: 1010 daAuts
     D:2: 572 daAuts
     D:3: 8 daAuts
